AoeStats
← darkmaku

Golden Pit

509680057Analyzed
1v1 RM · 6d ago on Sep 27, 2026· 35m 14s· 2 players
Game mode
Random Map
Map size
Tiny (2 player)
Population
200
Speed
Normal
Resources
Standard
Victory
Conquest
Starting age
Dark Age
Ending age
Imperial Age
RankedLock teamsTeams togetherTeam positionsShared explorationLock speedFull tech treeHidden civsTurbo modeCheats
Victory
Defeat
🇨🇭 Japanese · Switzerland
1083
+15
🇵🇪 Tatars · Peru
1065
-15
darkmaku
1:58 Loom
6:56 Loom
9:34 Feudal Age
13:04 Double-Bit Axe
15:08 Fletching
17:27 Wheelbarrow
17:47 Horse Collar
21:49 Padded Archer Armor
25:56 Castle Age
25:20 Forging
26:00 Scale Mail Armor
26:20 Pikeman
27:30 Squires
29:35 Bloodlines
29:21 Elite Skirmisher
31:38 Bodkin Arrow
lamebot
6:58 Loom
10:00 Feudal Age
10:04 Man-at-Arms
12:48 Double-Bit Axe
12:55 Horse Collar
14:51 Scale Mail Armor
18:28 Stone Mining
21:06 Castle Age
19:44 Gold Mining
19:45 Stone Mining
22:26 Bow Saw
26:31 Gambesons
26:47 Squires
29:20 Heavy Plow
30:14 Wheelbarrow
31:00 Chain Mail Armor
30:55 Forging
33:48 Forging
Connection lost

Rejoining the realm…

Still unreachable

The connection could not be restored.

Session expired

The server has moved on; the page needs a fresh start.